 Dungeon Crawl Stone Soup version 0.27-a0-1256-gced786f65e (webtiles) character file.

Game seed: 17215367165658778908

67 tsouns the Skirmisher (level 4, 0/50 HPs)
             Began as an Ogre Fighter on June 11, 2021.
             Was a Believer of Zin.
             Slain by an iguana (9 damage)
             ... on level 2 of the Dungeon.
             The game lasted 00:01:42 (1999 turns).

tsouns the Skirmisher (Ogre Fighter)                Turns: 1999, Time: 00:01:42

Health: 0/50       AC:  3    Str: 20    XL:     4   Next: 18%
Magic:  4/4        EV: 12    Int: 10    God:    Zin [**....]
Gold:   80         SH:  8    Dex:  8    Spells: 3/3 levels left

rFire    . . .     SeeInvis .   a - +0 flail
rCold    . . .     Faith    .   c - +0 kite shield
rNeg     . . .     Spirit   .   b - +0 robe
rPois    .         Reflect  .   (helmet restricted)
rElec    .         Harm     .   (no cloak)
rCorr    .         Rampage  .   (gloves unavailable)
Will     .....                  (boots unavailable)
Stlth    +.........             (no amulet)
HPRegen  0.16/turn              h - +4 ring of evasion
MPRegen  0.09/turn              (no ring)

@: no status effects
A: large, unfitting armour, tough skin 1
a: Renounce Religion, Recite, Vitalisation, Donate Gold


You were on level 2 of the Dungeon.
You worshipped Zin.
Zin was pleased with you.
You visited 1 branch of the dungeon, and saw 2 of its levels.

You collected 88 gold pieces.
You donated 8 gold pieces to Zin.

Inventory:

Hand Weapons
 a - a +0 flail (weapon)
Armour
 b - a +0 robe (worn)
 c - a +0 kite shield (worn)
Jewellery
 h - a +4 ring of evasion (left hand)
Scrolls
 e - 5 scrolls of identify {unknown}
 f - 2 scrolls of amnesia {unknown}
 g - 2 scrolls of summoning {unknown}
Potions
 d - 2 potions of might
 i - a potion of mutation {unknown}


   Skills:
 + Level 5.4 Fighting
 + Level 3.0 Maces & Flails
 - Level 2.6 Dodging
 - Level 2.6 Shields


You had 3 spell levels left.
You didn't know any spells.
Your spell library was empty.

Dungeon Overview and Level Annotations

Branches:
Dungeon (2/15)

Altars:
Zin


Innate Abilities, Weirdness & Mutations

You are too large for most types of armour.
You have tough skin. (AC +1)


Message History

The iguana is heavily wounded.
The iguana misses you. The iguana bites you!
You hit the iguana but do no damage.
The iguana is heavily wounded.
The iguana bites you.
You are too injured to fight recklessly!
You are too injured to fight recklessly!
You are too injured to fight recklessly!
You are too injured to fight recklessly!
You are too injured to fight recklessly!
You are too injured to fight recklessly!
You are too injured to fight recklessly!
You are too injured to fight recklessly!
You are too injured to fight recklessly!
You are too injured to fight recklessly!
You are too injured to fight recklessly!
You are too injured to fight recklessly!
You are too injured to fight recklessly!
You are too injured to fight recklessly!
You are too injured to fight recklessly!
You are too injured to fight recklessly!
You are too injured to fight recklessly!
You are too injured to fight recklessly!
You are too injured to fight recklessly!
You are too injured to fight recklessly!
You hit the iguana but do no damage.
The iguana is heavily wounded.
The iguana bites you. The iguana bites you!
You barely miss the iguana.
The iguana is heavily wounded.
The iguana barely misses you.
You hit the iguana but do no damage.
The iguana is heavily wounded.
The iguana bites you!
* * * LOW HITPOINT WARNING * * *
The iguana barely misses you.
You hit the iguana.
The iguana is almost dead.
The iguana bites you!
You die...

#..##.# #........#
..###.# #........#
..###.# #.....)..#
....#.## #........#
.##.#..###........#
.##..#.......######
...#.#.(######
...#.#..# ########
...#....# ##.@l...#
...#[..#######..####.#
.....................#
...##...######.#######
#####....#####.# #
##.#.......#
#####....######
##.......## ...####..#


You could see an iguana.

Vanquished Creatures
  2 adders (D:2)
  2 worms (D:2)
  An orc (D:2)
  3 endoplasms
  6 goblins
  4 hobgoblins
  6 jackals
  2 kobolds (D:1)
  A quokka (D:2)
  2 ball pythons
  2 bats (D:2)
  2 frilled lizards (D:2)
  5 rats
38 creatures vanquished.

Notes
Turn   | Place    | Note
-------+----------+-------------------------------------------
     0 | D:1      | tsouns the Ogre Fighter began the quest for the Orb.
     0 | D:1      | Reached XP level 1. HP: 24/24 MP: 1/1
   224 | D:1      | Found a faded altar of an unknown god.
   266 | D:1      | Reached XP level 2. HP: 13/33 MP: 2/2
   296 | D:1      | Became a worshipper of Zin the Law-Giver
   296 | D:1      | Reached * piety under Zin
  1252 | D:2      | Reached XP level 3. HP: 34/41 MP: 3/3
  1258 | D:2      | Reached skill level 5 in Fighting
  1673 | D:2      | Reached XP level 4. HP: 44/50 MP: 4/4
  1709 | D:2      | Reached ** piety under Zin
  1999 | D:2      | Slain by an iguana

Illustrated notes

Levels and vault maps discovered:
D:1:      psy_arrival_conway, layout_basic, chequers_ecumenical_altar_lobes,
          chequers_serial_rivers_large_b, st_stairs_3,
          amcnicky_mini_rare_corridor_liquid, minmay_tetromino_t4
D:2:      layout_rooms, minmay_misc_feat_tower, kennysheep_generic_room_15

Skill      XL: |  1  2  3  4 |
---------------+-------------+-----
Maces & Flails | 2 3 |  3.0
Fighting       | 5 |  5.4
Dodging        | |  2.6
Shields        | |  2.6

Action                   |  1- 3 |  4- 6 || total
-------------------------+-------+-------++-------
Melee: Flail             |   108 |    39 ||   147
Armor: Robe              |    41 |     9 ||    50
Dodge: Dodged            |    73 |    24 ||    97
Block: Kite shield       |    56 |    15 ||    71

Table legend: (Time is in decaauts)
 A = Elapsed time spent in this place.
 B = Non-inter-level travel time spent in this place.
 C = Inter-level travel time spent in this place.
 D = Time resting spent in this place.
 E = Time spent auto-exploring this place.
 F = Levels seen in this place.
 G = Mean time per level.
                   A        B        C        D        E       F      G
               +--------+--------+--------+--------+--------+-----+--------+
         Total |   2100 |   2034 |     66 |      0 |   1714 |   2 | 1050.0 |
       Dungeon |   2100 |   2034 |     66 |      0 |   1714 |   2 | 1050.0 |
               +--------+--------+--------+--------+--------+-----+--------+

Top non-repeatable levels by time:
     D:1: 1278 daAuts
     D:2: 821 daAuts
